 Dungeon Crawl Stone Soup version 0.30-a0-218-gedb9141078 (webtiles) character file.

Game seed: 17607833864036071410

13 LnG the Caller (level 2, 0/15 HPs)
             Began as a Kobold Summoner on Oct 5, 2022.
             Slain by a quokka (5 damage)
             ... on level 1 of the Dungeon.
             The game lasted 00:01:16 (491 turns).

LnG the Caller (Kobold Summoner)                     Turns: 491, Time: 00:01:17

Health: 0/15       AC:  2    Str: 11    XL:     2   Next: 50%
Magic:  0/5        EV: 15    Int: 16    God:
Gold:   34         SH:  0    Dex: 15    Spells: 2/5 levels left

rFire   . . .      SeeInvis .    e - +0 dagger
rCold   . . .      Faith    .    (no shield)
rNeg    . . .      Spirit   .    a - +0 robe
rPois   .          Reflect  .    (no helmet)
rElec   .          Harm     .    (no cloak)
rCorr   .          Rampage  .    (no gloves)
Will    .....                    (no boots)
Stlth   +++.......               (no amulet)
HPRegen 0.22/turn                c - +6 ring of strength
MPRegen 0.09/turn                (no ring)

@: no status effects
A: small, no large weapons, nightstalker 3
a: no special abilities


You were on level 1 of the Dungeon.
You visited 1 branch of the dungeon, and saw 1 of its levels.

You collected 34 gold pieces.

Inventory:

Hand Weapons
 e - a +0 dagger (weapon)
Armour
 a - a +0 robe (worn)
Jewellery
 c - a +6 ring of strength (left hand)
Scrolls
 g - 3 scrolls of identify {unknown}
 h - a scroll of teleportation {unknown}
Potions
 b - a potion of magic
 d - a potion of invisibility {unknown}
 f - a potion of curing {unknown}


   Skills:
 + Level 0.3 Short Blades
 + Level 2.5 Dodging
 * Level 3.0 Stealth
 + Level 2.3 Spellcasting
 + Level 4.2 Summonings


You had 2 spell levels left.
You knew the following spells:

 Your Spells              Type           Power      Damage    Failure   Level
a - Summon Small Mammal   Summ           60%        N/A       3%          1
b - Call Imp              Summ           15%        N/A       5%          2

Your spell library contained the following spells:

 Spells                   Type           Power      Damage    Failure   Level
 Call Canine Familiar     Summ           15%        N/A       11%         3
 Summon Guardian Golem    Hex/Summ       8%         N/A       26%         3
 Stone Arrow              Conj/Erth      2%         3d7       52%         3
 Animate Armour           Summ/Erth      16%        N/A       63%         4
 Summon Lightning Spire   Summ/Air       8%         N/A       63%         4
 Lehudib's Crystal Spear  Conj/Erth      0%         10d2      100%        8


Dungeon Overview and Level Annotations

Branches:
Dungeon (1/15)

Altars:

Shops:
D:1 =


Innate Abilities, Weirdness & Mutations

You are small and have problems with some larger weapons.
You are completely attuned to the shadows.


Message History

Your crimson imp blinks!
Casting: Call Imp (safe; 5% risk of failure)
Confirm with . or Enter, or press ? or * to list all spells.
A beastly little devil appears in a puff of flame.
The quokka misses you.
Casting: Call Imp (safe; 5% risk of failure)
Confirm with . or Enter, or press ? or * to list all spells.
The quokka closely misses you.
Your crimson imp closely misses the quokka.
You barely miss the quokka.
The quokka is lightly wounded.
Your bat barely misses the quokka.
The quokka misses you.
Your crimson imp barely misses the quokka.
You miss the quokka.
The quokka is lightly wounded.
Your bat barely misses the quokka.
The quokka barely misses you.
Your crimson imp hits the quokka but does no damage.
You barely miss the quokka.
The quokka is lightly wounded.
Your bat barely misses the quokka.
The quokka barely misses you.
Your crimson imp hits the quokka but does no damage.
You hit the quokka but do no damage.
The quokka is lightly wounded.
Your bat hits the quokka. The quokka barely misses you. x2
Your crimson imp blinks!
Casting: Summon Small Mammal (safe; 3% risk of failure)
Confirm with . or Enter, or press ? or * to list all spells.
Your bat closely misses the quokka.
The quokka bites you.
* * * LOW HITPOINT WARNING * * *
Your crimson imp blinks!
You hit the quokka.
The quokka is severely wounded.
Your bat completely misses the quokka.
Your bat hits the quokka but does no damage.
Your bat closely misses the quokka.
The quokka closely misses you.
You hit the quokka but do no damage.
The quokka is severely wounded.
Your bat hits the quokka.
Your bat closely misses the quokka.
The quokka bites you.
You die...

#...#########<....#
#..................
#...####.##.###....
##.## #.##.# #..##
#.## #.##.##.###.
###.#.## #.##.##.# #.
..###.# #.......# #.
###.#.#######.#### ##
#...@b............#
#...r..####...###.###
#...b..####...#......
#...5...ยง...........>
#......####..##......
......####.......###
>.....###### .###.##
#.#


You could see a quokka (ally target), a friendly crimson imp (summoned) and 2
friendly bats.

Vanquished Creatures
  An endoplasm (D:1)
  2 goblins (D:1)
  A quokka (D:1)
  3 ball pythons (D:1)
  2 frilled lizards (D:1)
  2 rats (D:1)
11 creatures vanquished.

Vanquished Creatures (collateral kills)
  A goblin (D:1)
  A hobgoblin (D:1)
2 creatures vanquished.

Grand Total: 13 creatures vanquished

Notes
Turn   | Place    | Note
-------+----------+-------------------------------------------
     0 | D:1      | LnG the Kobold Summoner began the quest for the Orb.
     0 | D:1      | Reached XP level 1. HP: 10/10 MP: 3/3
    13 | D:1      | Found Kielubiol's Jewellery Shoppe.
   193 | D:1      | Reached XP level 2. HP: 15/15 MP: 5/5
   196 | D:1      | Learned a level 2 spell: Call Imp
   491 | D:1      | Slain by a quokka

Illustrated notes

Levels and vault maps discovered:
D:1:      dpeg_arrival_long_road, layout_loops_cross, serial_shops,
          shop_fountains

Skill      XL: |  1 |
---------------+----+-----
Stealth        | 3 |  3.0
Short Blades   | |  0.3
Dodging        | |  2.5
Spellcasting   | |  2.3
Summonings     | |  4.2

Action                   || total
-------------------------++-------
Melee: Dagger            ||    33
 Cast: Summon Small Mamm ||     4
       Call Imp          ||     3
 Stab: Sleeping          ||     9
Armor: Robe              ||     2
Dodge: Dodged            ||    19

Table legend: (Time is in decaauts)
 A = Elapsed time spent in this place.
 B = Non-inter-level travel time spent in this place.
 C = Inter-level travel time spent in this place.
 D = Time resting spent in this place.
 E = Time spent auto-exploring this place.
 F = Levels seen in this place.
 G = Mean time per level.
                   A        B        C        D        E       F      G
               +--------+--------+--------+--------+--------+-----+--------+
         Total |    489 |    489 |      0 |      0 |    385 |   1 |  489.0 |
       Dungeon |    489 |    489 |      0 |      0 |    385 |   1 |  489.0 |
               +--------+--------+--------+--------+--------+-----+--------+

Top non-repeatable levels by time:
     D:1: 489 daAuts
